 Dungeon Crawl Stone Soup version 0.14-a0-1388-g200237c (webtiles) character file.

204 PolkaDot the Cutter (level 4, -6/34 HPs)
             Began as a Vampire Death Knight on Dec 9, 2013.
             Was a Believer of Yredelemnul.
             Mangled by an ogre
             ... wielding a +0,+0 giant club
              (28 damage)
             ... on Level 3 of the Dungeon.
             The game lasted 00:09:08 (2166 turns).

PolkaDot the Cutter (Vampire Death Knight)          Turns: 2166, Time: 00:09:08

HP  -6/34        AC  5     Str 12      XL: 4   Next: 25%
MP   5/5         EV 11     Int 13      God: Yredelemnul [**....]
Gold 119         SH  0     Dex 14      Spells:  0 memorised,  3 levels left

rFire  . . .     SeeInvis +     c - +0,+1 short sword (drain)
rCold  . . .     Clarity  .     b - +0 leather armour
rNeg   + . .     Conserve .     (no shield)
rPois  .         rCorr    .     (no helmet)
rElec  .         rRot     .     g - +0 dwarf cloak
SustAb . .       Spirit   .     l - +0 pair of orc gloves
rMut   .         Warding  .     (no boots)
Saprov . . .     Stasis   .     (no amulet)
                                (no ring)
                                p - ring of teleport control

@: invisible, very slightly contaminated, slightly resistant to hostile
enchantments, unstealthy
A: fangs 3, see invisible, unbreathing
a: Bat Form, Animate Remains, Recall Undead Slaves, Injury Mirror, Renounce
Religion, Evoke Teleport Control


You were on level 3 of the Dungeon.
You worshipped Yredelemnul.
Yredelemnul was pleased with you.
You were not thirsty.

You visited 1 branch of the dungeon, and saw 4 of its levels.

You collected 119 gold pieces.

Inventory:

Hand weapons
 c - a +0,+1 short sword of draining (weapon)
Armour
 b - a +0 leather armour (worn)
 g - a +0 dwarven cloak (worn)
 l - a +0 pair of orcish gloves (worn)
Scrolls
 a - 2 scrolls of remove curse
 d - 3 scrolls of identify
 e - a scroll of random uselessness {unknown}
 f - a scroll of curse armour {unknown}
 i - a scroll of immolation {unknown}
 j - 2 scrolls of teleportation {unknown}
 m - 2 scrolls of enchant armour {unknown}
 n - 2 scrolls of curse weapon {unknown}
 s - a scroll of fog {unknown}
 u - 3 scrolls of fear {unknown}
 v - a scroll of recharging {unknown}
Jewellery
 k - an uncursed ring of teleportation
 p - a ring of teleport control (left hand)
Potions
 q - a potion of poison {unknown}
 r - a potion of agility {unknown}
 t - a potion of cure mutation {unknown}
Carrion
 w - an adder corpse


   Skills:
 + Level 2.5 Fighting
 * Level 3.8 Short Blades
 - Level 0.7 Armour
 + Level 2.3 Dodging
 - Level 2.4 Invocations


You had 3 spell levels left.
You didn't know any spells.

Dungeon Overview and Level Annotations

Branches:
Dungeon (4/16)
 Temple: D:4-7

Altars:


Innate Abilities, Weirdness & Mutations

You have razor-sharp teeth.*
You have supernaturally acute eyesight.
You can survive without breathing.*


Message History

an orcish dagger; an orcish robe; an orc corpse Drink which item? (? for menu, Esc to quit)
You fade into invisibility!
It was a potion of invisibility.
Your giant cockroach zombie bites the ogre.
The ogre barely misses you.
You are very lightly contaminated with residual magic.
Your leather armour prevents you from hitting the ogre.
The ogre is lightly wounded.
Your giant cockroach zombie bites the ogre.
You hit the ogre. You drain the ogre!
The ogre is lightly wounded.
The ogre barely misses you.
Your giant cockroach zombie bites the ogre but does no damage.
You slash the ogre! You drain the ogre!
The ogre is heavily wounded.
The ogre hits you with a giant club!
Ouch! That really hurt!
You die...
Yredelemnul claims you as an undead slave.

#.#
#.##.........#
#.##. #.#
#z##.#######.#
#.##. #.# #z##>#
#.# #.##. #.#
#.##.#
#.####.... #.#
#....#
#))..>)###
#.############.#
#.####.#
#.........# #z#
#.# #.#
#########.#
#z#######.# #z#
#.# #@O.......#
#.### #.#
#####.#####
#....
#.########.#
#####
#..........#
############


You could see an ogre, a friendly giant cockroach zombie and a friendly kobold
zombie.

Vanquished Creatures
  2 adders
  A worm (D:3)
  A giant gecko (D:2)
  5 goblins
  7 hobgoblins
  2 ball pythons
  8 bats
  5 giant cockroaches
  2 giant newts (D:1)
  6 kobolds
  10 rats
49 creatures vanquished.

Vanquished Creatures (collateral kills)
  An orc wizard (D:3)
  A giant gecko (D:3)
  2 orcs (D:3)
4 creatures vanquished.

Vanquished Creatures (others)
  A worm zombie (D:3)
  A bat zombie (D:2)
  A hobgoblin zombie (D:3)
  A kobold zombie (D:3)
4 creatures vanquished.

Grand Total: 57 creatures vanquished

Notes
Turn   | Place    | Note
--------------------------------------------------------------
     0 | D:1      | PolkaDot, the Vampire Death Knight, began the quest for the Orb.
     0 | D:1      | Reached XP level 1. HP: 16/16 MP: 1/1
   175 | D:1      | Reached XP level 2. HP: 20/22 MP: 2/2
   307 | D:1      | HP: 1/22 [poisoned by a goblin]
   672 | D:1      | Reached skill level 3 in Short Blades
   859 | D:2      | Acquired Yredelemnul's second power
   902 | D:2      | Reached XP level 3. HP: 27/27 MP: 4/4
  2106 | D:4      | Noticed an ogre
  2109 | D:3      | PolkaDot: ...
  2109 | D:3      | PolkaDot: Well, that wa sunfortunate
  2121 | D:3      | Reached XP level 4. HP: 17/34 MP: 3/5
  2166 | D:3      | Mangled by an ogre

Action                   |  1- 3 |  4- 6 || total
-------------------------+-------+-------++-------
Melee: Short sword       |   131 |     3 ||   134
Invok: Animate Remains   |    14 |       ||    14
       Recall Undead Sla |     1 |       ||     1
  Use: Potion            |     4 |     1 ||     5
       Scroll            |     2 |       ||     2
